 Dungeon Crawl Stone Soup version 0.24.0-123-gd5b16e6ec5 (webtiles) character file.

Game seed: 10649063946612549816, levelgen mode: deterministic

119830 mortelune the Fighter (level 17, -9/140 HPs)
             Began as a Formicid Abyssal Knight on Dec 21, 2019.
             Was the Champion of Lugonu.
             Mangled by an anaconda simulacrum (24 damage)
             ... in an ice cave.
             The game lasted 01:34:54 (35088 turns).

mortelune the Fighter (Formicid Abyssal Knight)    Turns: 35088, Time: 01:34:55

Health: -9/140     AC: 22    Str: 22    XL:     17   Next: 35%
Magic:  26/26      EV:  8    Int: 14    God:    Lugonu [******]
Gold:   2066       SH: 12    Dex: 10    Spells: 16/16 levels left

rFire    + . .     SeeInvis +   a - +12 Vampire's Tooth {vamp}
rCold    . . .     Gourm    .   M - +0 shield
rNeg     . . .     Faith    .   C - +0 plate armour
rPois    .         Spirit   .   (helmet unavailable)
rElec    .         Reflect  .   r - scarf {cloud immunity}
rCorr    .         Harm     .   V - +0 pair of gloves
MR       +....                  (no boots)
Stlth    ..........             o - amulet of regeneration
HPRegen  0.73/turn              n - +4 ring of protection
MPRegen  0.20/turn              Y - +3 ring of slaying

@: studying Crossbows
A: permanent stasis, dig shafts and tunnels, four strong arms, antennae 3,
hooves 1, fire resistance 1
a: Dig, Shaft Self, Depart the Abyss, Bend Space, Banish, Corrupt, Enter the
Abyss, Brand Weapon With Distortion, Renounce Religion


You were in an ice cave.
You worshipped Lugonu.
Lugonu was exalted by your worship.
You were not hungry.

You visited 4 branches of the dungeon, and saw 24 of its levels.
You visited the Abyss 2 times.
You also visited: Gauntlet and Ice Cave.

You collected 2186 gold pieces.
You spent 120 gold pieces at shops.

Inventory:

Hand Weapons
 a - the +12 Vampire's Tooth (weapon) {vamp}
   (You found it on level 12 of the Dungeon)

   It inflicts no extra harm, but heals its wielder when it wounds a living foe.
 b - a +6 hand crossbow of flaming
 g - a +7 great sword
 q - a +6 flail of draining
 A - a +4 scimitar of flaming
Missiles
 S - 8 javelins (quivered)
Armour
 m - a scarf of resistance
 r - a scarf of cloud immunity (worn)
 s - the -2 pair of boots of the Prince of Darkness {rElec}
   (You found it in a Gauntlet)

   It insulates you from electricity.
 C - a +0 plate armour (worn)
 F - a +3 scale mail of fire resistance
 G - a +0 chain mail
 M - a +0 shield (worn)
 V - a +0 pair of gloves (worn)
Jewellery
 i - an uncursed ring of positive energy
 n - a +4 ring of protection (left hand)
 o - an amulet of regeneration (around neck)
 w - an uncursed ring of ice
 X - an uncursed amulet of harm {unknown}
 Y - a +3 ring of slaying (right hand)
Wands
 j - a wand of paralysis (7)
 x - a wand of scattershot (5)
 y - a wand of disintegration (10)
 D - a wand of digging (14)
 H - a wand of iceblast (9)
 J - a wand of flame (16)
 R - a wand of enslavement (11)
 T - a wand of clouds (6)
 U - a wand of random effects (16)
Scrolls
 d - 3 scrolls of enchant weapon
 e - 4 scrolls of fear
 f - 4 scrolls of immolation
 h - 7 scrolls of remove curse
 l - 3 scrolls of magic mapping
 z - 6 scrolls of fog
 B - 2 scrolls of enchant armour
 E - a scroll of vulnerability
 O - a scroll of silence
 W - a scroll of brand weapon
Potions
 k - 2 potions of resistance
 p - 2 potions of mutation
 t - a potion of heal wounds
 u - 8 potions of curing
 v - 4 potions of brilliance
 I - a potion of ambrosia
 K - 3 potions of agility
 L - 3 potions of might
 N - a potion of lignification {unknown}
 P - a potion of flight {unknown}
Books
 Q - a manual of Crossbows
Comestibles
 c - 41 rations


   Skills:
 + Level 14.6 Fighting
 * Level 12.6 Long Blades
 - Level 12.2 Maces & Flails
 + Level 1.9 Crossbows
 + Level 14.5 Armour
 - Level 0.8 Dodging
 + Level 12.2 Shields
 - Level 13.0 Invocations


You had 16 spell levels left.
You didn't know any spells.
Your spell library contained the following spells:

 Spells                   Type           Power        Failure   Level  Hunger
 Animate Skeleton         Necr           N/A          95%         1    ##.....
 Confusing Touch          Hex            #.....       95%         1    ##.....
 Corona                   Hex            #......      95%         1    ##.....
 Flame Tongue             Conj/Fire      #....        95%         1    ##.....
 Freeze                   Ice            #...         95%         1    ##.....
 Magic Dart               Conj           #...         95%         1    ##.....
 Pain                     Necr           #...         95%         1    ##.....
 Sandblast                Erth           #.....       95%         1    ##.....
 Call Imp                 Summ           #.......     99%         2    ###....
 Corpse Rot               Necr           N/A          99%         2    ###....
 Ensorcelled Hibernation  Hex/Ice        #.....       99%         2    ###....
 Passwall                 Tmut/Erth      #.......     99%         2    ###....
 Slow                     Hex            #.......     99%         2    ###....
 Throw Flame              Conj/Fire      #.....       99%         2    ###....
 Conjure Flame            Conj/Fire      #.......     100%        3    ####...
 Ignite Poison            Fire/Tmut/Pois #.......     100%        3    ####...
 Inner Flame              Hex/Fire       #.......     100%        3    ####...
 Mephitic Cloud           Conj/Pois/Air  #.......     100%        3    ####...
 Ozocubu's Armour         Chrm/Ice       #.......     100%        3    ####...
 Regeneration             Chrm/Necr      #.........   100%        3    ####...
 Stone Arrow              Conj/Erth      #.....       100%        3    ####...
 Vampiric Draining        Necr           #.........   100%        3    ####...
 Animate Dead             Necr           N/A          100%        4    #####..
 Leda's Liquefaction      Hex/Erth       #.........   100%        4    #####..
 Olgreb's Toxic Radiance  Pois           #.......     100%        4    #####..
 Petrify                  Tmut/Erth      #.......     100%        4    #####..
 Sticky Flame             Conj/Fire      #.......     100%        4    #####..
 Throw Icicle             Conj/Ice       #.......     100%        4    #####..
 Bolt of Magma            Conj/Fire/Erth #.........   100%        5    ######.
 Borgnjor's Vile Clutch   Necr/Erth      #.........   100%        5    ######.
 Fireball                 Conj/Fire      #.........   100%        5    ######.
 Lee's Rapid Deconstruct  Erth           #.........   100%        5    ######.
 Metabolic Englaciation   Hex/Ice        #.........   100%        5    ######.
 Silence                  Hex/Air        #.........   100%        5    ######.
 Summon Forest            Summ/Tloc      #.........   100%        5    ######.
 Bolt of Fire             Conj/Fire      #.........   100%        6    #######
 Darkness                 Hex            #.........   100%        6    #######
 Hydra Form               Tmut           #.........   100%        6    #######
 Iron Shot                Conj/Erth      #.........   100%        6    #######
 Shadow Creatures         Summ           N/A          100%        6    #######
 Statue Form              Tmut/Erth      #........    100%        6    #######
 Summon Hydra             Summ           #.........   100%        7    #######
 Discord                  Hex            #.........   100%        8    #######
 Shatter                  Erth           #.........   100%        9    #######
 Blink                    Tloc           Unusable     N/A         2    N/A

Dungeon Overview and Level Annotations

Branches:
Dungeon (15/15)            Temple (0/1) D:5            Lair (6/6) D:9
 Shoals (1/4) Lair:4        Snake (0/4) Lair:3        Slime (0/5) Lair:5
    Orc (2/2) D:11            Elf (0/3) Orc:2        Vaults (0/5) D:13
 Depths (0/5) D:15          IceCv (1/1)             Gauntlet (visited)

Altars:
Elyvilon
Fedhas
Gozag
Hepliaklqana
Kikubaaqudgha
Makhleb
Nemelex Xobeh
Ru
Sif Muna
Uskayaw
Vehumet
Wu Jian
Xom
Yredelemnul
Zin
The Shining One
Beogh
Jiyva

Shops:
D:11 (   Orc:2 *}%(

Annotations:
D:6 4 runed translucent doors, DavidChitty2's ghost, novice MiGl
D:15 Roxanne


Innate Abilities, Weirdness & Mutations

You cannot be hasted, slowed, berserked, paralysed or teleported.
You can dig through walls and to a lower floor.
Your four strong arms can wield two-handed weapons with a shield.
You have a pair of large antennae on your head. (SInv)
You have large cloven feet.
Your flesh is heat resistant. (rF+)


Message History

The anaconda simulacrum bites you but does no damage.
You block the white very ugly thing's attack.
The six-headed hydra simulacrum bites you!
The six-headed hydra simulacrum freezes you!!
You block the six-headed hydra simulacrum's attack.
The six-headed hydra simulacrum bites you but does no damage. x3
The six-headed hydra simulacrum bites you.
The six-headed hydra simulacrum freezes you!!
* * * LOW HITPOINT WARNING * * *
Found five items.
The anaconda simulacrum constricts you. The anaconda simulacrum freezes you!!
* * * LOW HITPOINT WARNING * * *
You block the anaconda simulacrum's attack.
You completely miss the anaconda simulacrum.
Your kick misses the anaconda simulacrum.
The anaconda simulacrum constricts you but does no damage.
The anaconda simulacrum bites you!
* * * LOW HITPOINT WARNING * * *
The anaconda simulacrum freezes you!!
You die...

##.....##
##...Z...##
#(.......(#
#.........#
#....Z....#
#....Z.(..#
#(...u....#
#####Z#####
#[...@....#
#.........#
#........)#
#.........#
#.........#
##.......##
##.....##
###.###
##.....##


You could see a white very ugly thing, an anaconda simulacrum, a six-headed
hydra simulacrum, a dire elephant simulacrum and an iron troll simulacrum.

Vanquished Creatures
  Gastronok (Lair:3)
  A very ugly thing (IceCv)
  A ghoul (D:14)
  A minotaur (Gauntlet)
  Azrael (D:12)
  A fire dragon (D:15)
  3 ogre magi
  Erolcha (Orc:1)
  5 hydras
  A ghost crab (Gauntlet)
  8 vault guards (D:13)
  Erica (Lair:1)
  3 catoblepae (Lair:6)
  8 centaur warriors
  19 two-headed ogres
  6 death yaks (Lair:6)
  Nergalle (Lair:4)
  Sonja (D:12)
  Urug (Lair:1)
  2 soul eaters (Gauntlet)
  7 skeletal warriors
  2 unseen horrors
  2 deep trolls (Orc:2)
  2 wizards (Gauntlet)
  A wolf spider zombie (D:14)
  4 deep elf magi
  2 orc knights
  2 orc sorcerers (Orc:1)
  3 cyclopes
  5 manticores
  15 elephants
  11 ugly things
  5 ice statues (IceCv)
  A black mamba (Lair:5)
  Psyche (D:8)
  Joseph (Lair:1)
  A guardian serpent (Lair:3)
  6 spiny frogs
  An efreet (D:13)
  2 rime drakes
  4 komodo dragons
  A kobold demonologist (D:13)
  A yaktaur (D:15)
  3 anaconda simulacra (IceCv)
  A guardian mummy (D:14)
  A queen bee (Lair:4)
  2 meliai
  A tyrant leech (D:12)
  13 trolls
  3 polar bears
  13 blink frogs
  A hornet (shapeshifter) (D:15)
  Prince Ribbit (D:4)
  9 hippogriffs
  A raiju (Gauntlet)
  2 hornets
  2 snapping turtles
  4 basilisks
  A shadow (D:14)
  Sigmund (D:3)
  A water elemental (D:14)
  24 yaks
  3 vampires (D:12)
  A wraith (D:13)
  2 wyverns
  A dire elephant simulacrum (IceCv)
  3 fire elementals
  Eustachio (D:5)
  6 hungry ghosts
  2 steam dragons (Gauntlet)
  4 wargs
  A harpy simulacrum (IceCv)
  8 vampire mosquitoes
  Edmund (D:5)
  A soldier ant (D:14)
  An acid dragon (D:13)
  2 water moccasins
  4 hell hounds
  10 porcupines
  22 orc warriors
  4 sky beasts
  An eye of draining (D:14)
  10 ice beasts
  A phantom (D:4)
  5 black bears
  A necrophage (D:9)
  4 boggarts (Lair:6)
  26 ogres
  14 wolves
  23 centaurs
  11 crocodiles
  3 big kobolds (D:13)
  16 bullfrogs
  2 wyvern zombies (D:14)
  8 scorpions
  A water moccasin skeleton (D:6)
  20 killer bees
  10 wights
  4 vampire bats (Lair:6)
  6 howler monkeys
  7 crimson imps
  A quasit (D:14)
  8 centaur zombies
  A bullfrog zombie (D:12)
  8 hounds
  2 jellies
  A bullfrog skeleton (D:9)
  23 orc priests
  4 centaur skeletons
  4 iguanas
  15 orc wizards
  10 worker ants
  A killer bee zombie (D:10)
  A hound zombie (D:5)
  2 hound skeletons
  A mummy (D:14)
  A howler monkey zombie (D:7)
  2 worker ant zombies (D:10)
  13 gnolls
  11 adders
  9 shadow imps
  A white imp (Gauntlet)
  3 oozes
  4 worms
  3 dart slugs
  8 leopard geckos
  103 orcs
  5 giant cockroaches
  5 goblins
  7 hobgoblins
  5 jackals
  17 kobolds
  A quokka (D:10)
  A ball python (D:3)
  A ball python skeleton (D:5)
  18 bats
  A frilled lizard (D:4)
  A quokka skeleton (D:5)
  9 rats
  A butterfly (Lair:4)
  A plant (Lair:3)
793 creatures vanquished.

Vanquished Creatures (others)
  A frost giant (D:15)
  A death ooze (Gauntlet)
  A fire dragon (D:10)
  3 hydras
  The ghost of Flugslaktarn the Cleaver, a journeyman DDFi of Makhleb (Orc:2)
  An ogre mage (Orc:2)
  3 two-headed ogres
  An unseen horror (D:15)
  2 oklob plants
  A cyclops (Orc:2)
  A black mamba (Lair:5)
  A torpor snail (Gauntlet)
  A meliai (Lair:5)
  4 slime creatures (Gauntlet)
  An ogre (Orc:2)
  A crocodile (Lair:5)
  An orc (D:9)
  8 fungi
  36 plants
  3 starspawn tentacles (Gauntlet)
72 creatures vanquished.

Grand Total: 865 creatures vanquished

Notes
Turn   | Place    | Note
-------+----------+-------------------------------------------
     0 | Abyss:1  | mortelune the Formicid Abyssal Knight began the quest for
                  | the Orb.
     0 | Abyss:1  | Reached XP level 1. HP: 18/18 MP: 2/2
    52 | Abyss:1  | Noticed a quasit
    53 | D:1      | Escaped the Abyss
   322 | D:1      | Reached XP level 2. HP: 23/24 MP: 3/3
  1041 | D:2      | Reached * piety under Lugonu
  1086 | D:2      | Reached XP level 3. HP: 29/29 MP: 4/4
  1093 | D:2      | Reached skill level 1 in Maces & Flails
  1375 | D:2      | Found a hide-covered altar of Uskayaw.
  1375 | D:2      | Noticed a +0 dagger
  1375 | D:2      | Noticed a +3 hand axe
  1882 | D:2      | Reached XP level 4. HP: 25/37 MP: 5/5
  2070 | D:3      | Found a faded altar of an unknown god.
  2077 | D:3      | Reached ** piety under Lugonu
  2214 | D:3      | Reached XP level 5. HP: 40/42 MP: 6/6
  2432 | D:3      | Found a radiant altar of Vehumet.
  2922 | D:3      | Noticed Sigmund
  2933 | D:3      | Killed Sigmund
  2933 | D:3      | Reached XP level 6. HP: 17/49 MP: 7/7
  3253 | D:3      | Found a white marble altar of Elyvilon.
  3253 | D:3      | Found a shimmering blue altar of Sif Muna.
  3256 | D:3      | Found a sacrificial altar of Ru.
  3314 | D:3      | Found a blossoming altar of Fedhas.
  3356 | D:4      | Reached XP level 7. HP: 42/55 MP: 8/8
  3504 | D:4      | Reached skill level 5 in Fighting
  3742 | D:4      | Reached skill level 5 in Maces & Flails
  3779 | D:4      | Found a sparkling altar of Nemelex Xobeh.
  4237 | D:4      | Reached *** piety under Lugonu
  4328 | D:4      | Reached XP level 8. HP: 61/63 MP: 9/9
  4861 | D:5      | Entered Level 5 of the Dungeon
  4872 | D:4      | Reached skill level 5 in Armour
  5091 | D:5      | Noticed Edmund
  5106 | D:5      | Killed Edmund
  5257 | D:5      | Noticed Prince Ribbit
  5539 | D:4      | Killed Prince Ribbit
  5773 | D:5      | Noticed Eustachio
  6046 | D:5      | Killed Eustachio
  6258 | D:5      | Reached XP level 9. HP: 65/71 MP: 11/11
  6268 | D:5      | Found a staircase to the Ecumenical Temple.
  6382 | D:5      | Found a hazy altar of Hepliaklqana.
  6836 | D:6      | Reached skill level 5 in Invocations
  6916 | D:6      | Found a runed translucent gate.
  6916 | D:6      | Found a runed translucent gate.
  6916 | D:6      | Found a runed translucent gate.
  6989 | D:6      | Noticed DavidChitty2's ghost (novice MiGl)
  7310 | D:6      | Reached **** piety under Lugonu
  7414 | D:6      | Found a runed translucent door.
  7416 | D:6      | Found a basalt altar of Yredelemnul.
  7766 | D:7      | Paralysed by fainting for 10 turns
  8097 | D:7      | Got a twisted quarterstaff
  8098 | D:7      | Identified the +2 quarterstaff of Yredelemnul's Reproof
                  | {crush, rC+ MR+ SInv} (You found it on level 7 of the
                  | Dungeon)
  8118 | D:7      | Reached XP level 10. HP: 74/79 MP: 14/14
  8926 | D:8      | Noticed Psyche
  8948 | D:8      | Killed Psyche
  9842 | D:8      | Found an ancient bone altar of Kikubaaqudgha.
 10621 | D:9      | Found a staircase to the Lair.
 10900 | D:9      | Found a glowing golden altar of the Shining One.
 11202 | D:9      | Reached XP level 11. HP: 75/86 MP: 17/17
 11394 | D:9      | Noticed a two-headed ogre
 11452 | D:9      | Banished a two-headed ogre
 11635 | D:9      | Found an ornate altar of the Wu Jian Council.
 11870 | D:10     | Entered Level 10 of the Dungeon
 11887 | D:10     | Reached skill level 10 in Maces & Flails
 11983 | D:10     | Noticed an unseen horror
 11993 | D:10     | Killed an unseen horror
 12118 | D:10     | Reached ***** piety under Lugonu
 12119 | D:10     | Reached skill level 10 in Invocations
 12134 | D:10     | Noticed an eight-headed hydra
 12142 | D:10     | Banished an eight-headed hydra
 12517 | D:10     | Found a shimmering altar of Xom.
 12790 | D:10     | Noticed a fire dragon
 12799 | D:10     | Banished a fire dragon
 12988 | Lair:1   | Entered Level 1 of the Lair of Beasts
 12988 | Lair:1   | Noticed an oklob plant
 12989 | Lair:1   | Found a burning altar of Makhleb.
 13076 | Lair:1   | Banished an oklob plant
 13141 | Lair:1   | Noticed Urug
 13177 | Lair:1   | Killed Urug
 13455 | Lair:1   | Reached XP level 12. HP: 68/95 MP: 20/20
 14039 | Lair:1   | Noticed Joseph
 14053 | Lair:1   | Killed Joseph
 14145 | Lair:1   | Noticed Erica
 14157 | Lair:1   | Killed Erica
 15269 | Lair:3   | Found a glowing silver altar of Zin.
 15296 | Lair:3   | Found a staircase to the Snake Pit.
 15846 | Lair:3   | Reached skill level 10 in Fighting
 15964 | Lair:3   | Noticed Gastronok
 15983 | Lair:3   | Killed Gastronok
 16133 | Lair:3   | Reached skill level 10 in Armour
 16133 | Lair:3   | Reached XP level 13. HP: 86/103 MP: 22/22
 16742 | Lair:4   | Noticed an eight-headed hydra
 16743 | Lair:4   | Banished an eight-headed hydra
 16743 | Lair:4   | Reached skill level 1 in Shields
 17480 | Lair:4   | Noticed Nergalle
 17504 | Lair:4   | Killed Nergalle
 17605 | Lair:4   | Found a staircase to the Shoals.
 18187 | Lair:4   | Reached skill level 5 in Long Blades
 18353 | Lair:5   | Found a runed translucent door.
 18355 | Lair:5   | Found a viscous altar of Jiyva.
 18598 | Lair:5   | Noticed a seven-headed hydra
 18602 | Lair:5   | Noticed a six-headed hydra
 18606 | Lair:5   | Killed a seven-headed hydra
 18615 | Lair:5   | Killed a six-headed hydra
 18786 | Lair:4   | HP: 1/105 [meliai/divine providence (14)]
 19819 | Lair:5   | Reached skill level 5 in Shields
 20037 | Lair:5   | Found a staircase to the Slime Pits.
 20090 | Lair:6   | Entered Level 6 of the Lair of Beasts
 20107 | Lair:6   | Gained mutation: You are frail. (-10% HP) [potion of
                  | mutation]
 20107 | Lair:6   | Gained mutation: Your flesh is heat resistant. (rF+)
                  | [potion of mutation]
 20108 | Lair:6   | Lost mutation: Your flesh is heat resistant. (rF+) [potion
                  | of mutation]
 20108 | Lair:6   | Lost mutation: You are frail. (-10% HP) [potion of
                  | mutation]
 20108 | Lair:6   | Gained mutation: Your flesh is heat resistant. (rF+)
                  | [potion of mutation]
 20108 | Lair:6   | Gained mutation: You have large cloven feet. [potion of
                  | mutation]
 20127 | Lair:6   | Reached XP level 14. HP: 103/113 MP: 23/23
 22572 | D:11     | Found a staircase to the Orcish Mines.
 22594 | D:11     | Found Pastri's Antique Weapon Shop.
 22626 | D:11     | Found a gate leading to a gauntlet.
 22635 | Gauntlet | Entered a Gauntlet
 22635 | Gauntlet | Found a transporter.
 22645 | Gauntlet | Found a transporter.
 22653 | Gauntlet | Found a transporter.
 22655 | Gauntlet | Found a transporter.
 22672 | Gauntlet | Found a transporter.
 22680 | Gauntlet | Found a transporter.
 22690 | Gauntlet | Found a transporter.
 22703 | Gauntlet | Found a transporter.
 22714 | Gauntlet | Found a transporter.
 22732 | Gauntlet | Found a transporter.
 22734 | Gauntlet | Found a transporter.
 22786 | Gauntlet | Found a transporter.
 22789 | Gauntlet | Found a transporter.
 22798 | Gauntlet | Found a transporter.
 23172 | Gauntlet | Cast into level 2 of the Abyss (a wizard)
 23182 | Gauntlet | Escaped the Abyss
 23228 | Gauntlet | Got a pair of spiked boots
 23234 | Gauntlet | Identified the cursed -2 pair of boots of the Prince of
                  | Darkness {rElec} (You found it in a Gauntlet)
 23281 | Gauntlet | Noticed a minotaur
 23298 | Gauntlet | Killed a minotaur
 23334 | Gauntlet | Identified the Incunabulum of Execration
 23334 | Gauntlet | Identified the Collected Works on the Snowflakes
 23442 | Gauntlet | Got a shimmering quarterstaff
 23442 | Gauntlet | Got a warped robe
 23445 | Gauntlet | Identified the cursed +1 quarterstaff of Dopt {chaos, rF++
                  | Int-2 Dex+4} (You found it in a Gauntlet)
 23456 | Gauntlet | Identified the +1 robe "Qamim" {rC- Dex+4 Stlth+} (You
                  | found it in a Gauntlet)
 23518 | Gauntlet | Corrupted Gauntlet
 23518 | Gauntlet | Noticed a tentacled starspawn
 23518 | Gauntlet | Noticed a tentacled starspawn
 23518 | Gauntlet | Noticed a starcursed mass
 23518 | Gauntlet | Noticed a bone dragon
 23522 | Gauntlet | Noticed a starcursed mass
 23530 | Gauntlet | Noticed a tentacled starspawn
 23536 | Gauntlet | Noticed a tentacled starspawn
 23538 | Gauntlet | Noticed a tentacled starspawn
 23545 | Gauntlet | Noticed a tentacled starspawn
 23548 | Gauntlet | Noticed a tentacled starspawn
 23698 | Gauntlet | Got a coiled silver ring
 23707 | Gauntlet | Identified the ring "Nautwe" {MR+ Int+6 Slay-4} (You found
                  | it in a Gauntlet)
 23985 | Gauntlet | Got a coiled granite ring
 23991 | Gauntlet | Identified the ring "Las Herch" {Str+4 Int+6} (You found it
                  | in a Gauntlet)
 25158 | Orc:1    | Entered Level 1 of the Orcish Mines
 25518 | Orc:1    | Reached XP level 15. HP: 88/121 MP: 24/24
 25527 | Orc:1    | Found a roughly hewn altar of Beogh.
 25639 | Orc:1    | Noticed Erolcha
 25649 | Orc:1    | Killed Erolcha
 25650 | Orc:1    | Found a roughly hewn altar of Beogh.
 26111 | Orc:2    | Entered Level 2 of the Orcish Mines
 26154 | Orc:2    | Found a large runed translucent door.
 26159 | Orc:2    | Found a large runed translucent door.
 26161 | Orc:2    | Noticed Flugslaktarn's ghost (journeyman DDFi)
 26350 | Orc:1    | Reached skill level 10 in Long Blades
 27239 | Orc:2    | Found a staircase to the Elven Halls.
 27383 | Orc:2    | Found Zinwuiha's Gadget Emporium.
 27384 | Orc:2    | Found Kakier's Weapon Emporium.
 27389 | Orc:2    | Found Nuabam's Assorted Antiques.
 27405 | Orc:2    | Found Toebb's Food Shoppe.
 27433 | Orc:2    | Bought a potion of heal wounds for 120 gold pieces
 27718 | Orc:2    | Banished Flugslaktarn's ghost
 27893 | D:12     | Noticed Azrael
 27978 | D:12     | Killed Azrael
 28893 | D:12     | Found the +12 Vampire's Tooth {vamp}
 29791 | D:12     | Noticed Sonja
 29803 | D:12     | Killed Sonja
 30031 | D:13     | Reached skill level 10 in Shields
 30070 | D:13     | Found a shimmering altar of Xom.
 30151 | D:13     | Reached XP level 16. HP: 131/131 MP: 25/25
 30276 | D:13     | Identified the Catalogue of Scorching Venom
 30713 | D:13     | Found a gate to the Vaults.
 31031 | D:13     | Reached ****** piety under Lugonu
 32828 | D:15     | Entered Level 15 of the Dungeon
 32872 | D:15     | Noticed Roxanne
 32953 | D:15     | Found an opulent altar of Gozag.
 33007 | D:15     | Reached XP level 17. HP: 109/140 MP: 26/26
 33623 | D:15     | Found a staircase to the Depths.
 34103 | Shoals:1 | Entered Level 1 of the Shoals
 34107 | Shoals:1 | Found a frozen archway.
 34148 | IceCv    | Entered an ice cave
 34200 | IceCv    | Reached skill level 1 in Crossbows
 35088 | IceCv    | Mangled by an anaconda simulacrum

Levels and vault maps discovered:
D:1:      wheals_arrival_linesprint, layout_basic
D:2:      layout_loops_ring, dancing_weapons_uskayaw
D:3:      layout_basic, fedhas_altar_1, lemuel_crystal_altar, minitemple,
          chequers_ecumenical_altar_simple_redux, first_ration, uniq_sigmund
D:4:      layout_basic, nemelex_altar_shiori
D:5:      layout_cave_pools, nicolae_overflow_crystal_walls,
          minmay_temple_entry_hall, uniq_prince_ribbit1, uniq_eustachio,
          uniq_edmund
D:6:      layout_loops_corners, gammafunk_ghost_icy, grunt_ministairs_9,
          dk_yredelemnul_ordeal
D:7:      black_bear_nest_1, layout_basic
D:8:      layout_gridville, kennysheep_mini, uniq_psyche
D:9:      layout_loops_ring, nicolae_overflow_hidden_temple,
          kennysheep_little_box, grunt_lair_entry_orc_guard_hut
D:10:     dragon1_lemuel, layout_rooms, grunt_pizzeria, tgw_xom
D:11:     layout_irregular_city, minmay_orc_entry_guard_dogs, serial_shops,
          shop, gauntlet_entry_generic, kennysheep_decorative_pillar
D:12:     layout_stronghold, mrwooster_statue_mirror,
          minmay_guarded_unrand_vampires_tooth, uniq_azrael, uniq_sonja
D:13:     layout_gridville, erik_vaults_2, basic_altar,
          minmay_mirror_moons_of_madness
D:14:     layout_long_grid, kennysheep_big_empty_room, serial_undead,
          serial_undead_f, serial_undead_c, serial_undead_c, serial_undead_d,
          serial_bayou_lagoon_a, minmay_joined_circles
D:15:     grunt_enter_depths_snipers, layout_loops_cross,
          minmay_misc_feat_plants, basic_altar, hex_medium, uniq_roxanne
Lair:1:   layout_small_grid, basic_altar, dpeg_stationary_puzzle, uniq_erica,
          uniq_urug, uniq_joseph
Lair:2:   layout_cave_shapes, minivault_25
Lair:3:   layout_regular_city, minmay_snake_entry_spellcaster, basic_altar,
          minmay_lair_oklob_chamber, grunt_megastairs_5, serial_bayou_shore_b,
          uniq_gastronok
Lair:4:   layout_cave_pods, minmay_shoals_entry_hut, lemuel_fruit_fields,
          grunt_megastairs_1, uniq_nergalle
Lair:5:   layout_gridlike, slime_altar_2, special_room [special_room_bee]
Lair:6:   evilmike_catoblepas_cave, layout_hall_layers, roderic_batcave,
          minivault_26, kilobyte_rumbling_trees, grunt_megastairs_4,
          lemuel_fruit_tree
Shoals:1: layout_shoals, portal_ice_cave_entry_pillars_2, uniq_donald
Orc:1:    layout_caves, basic_altar, minmay_orc_temple_b, uniq_erolcha
Orc:2:    st_orc_open, layout_diamond_mine, ebering_ghost_disaster_area
IceCv:    ice_cave_statue_garden_chambered

Skill      XL: |  1  2  3  4  5  6  7  8  9 10 11 12 13 14 15 16 17 |
---------------+----------------------------------------------------+-----
Maces & Flails | 1 2 3 4 5 6 8 9 11 12 | 12.2
Armour         | 3 4 5 6 7 9 10 11 12 13 14 | 14.5
Fighting       | 4 5 6 7 8 9 10 11 12 13 14 | 14.6
Invocations    | 3 6 8 10 12 13 | 13.0
Long Blades    | 6 9 11 12 | 12.6
Shields        | 5 7 10 11 12 | 12.2
Crossbows      | 1 |  1.9
Dodging        | |  0.8

Action                   |  1- 3 |  4- 6 |  7- 9 | 10-12 | 13-15 | 16-18 || total
-------------------------+-------+-------+-------+-------+-------+-------++-------
Melee: Falchion          |    24 |       |       |       |       |       ||    24
       Whip              |    61 |    90 |   108 |       |       |       ||   259
       Flail             |       |       |   187 |   684 |  1186 |       ||  2057
       Dire flail        |       |       |       |    14 |       |       ||    14
       Kick              |       |       |       |       |   230 |   383 ||   613
       Quarterstaff      |       |       |       |       |    20 |       ||    20
       Great sword       |       |       |       |       |    65 |       ||    65
       Quick blade       |       |       |       |       |   126 |   987 ||  1113
       Scimitar          |       |       |       |       |    76 |    59 ||   135
 Fire: Hunting sling     |     6 |    14 |     3 |    20 |    14 |       ||    57
       Hand crossbow     |       |       |       |       |       |    31 ||    31
Throw: Stone             |       |       |     8 |       |       |       ||     8
       Javelin           |       |       |       |       |       |    14 ||    14
Invok: Depart the Abyss  |     1 |       |       |       |     1 |       ||     2
       Banish            |       |       |       |     6 |    16 |     2 ||    24
       Bend Space        |       |       |       |       |     2 |       ||     2
       Corrupt           |       |       |       |       |     1 |       ||     1
 Abil: Dig               |       |       |       |     5 |     9 |     4 ||    18
Evoke: Wand              |       |       |       |       |       |     3 ||     3
  Use: Scroll            |       |       |     9 |     9 |    11 |     3 ||    32
       Potion            |       |       |     5 |     3 |     9 |       ||    17
  Eat: Chunk             |     3 |     4 |    15 |    30 |    33 |    16 ||   101
       Ration            |       |       |     1 |     1 |     6 |     2 ||    10
Armor: Ring mail         |    36 |       |       |       |       |       ||    36
       Leather armour    |     3 |       |       |       |       |       ||     3
       Chain mail        |     4 |    57 |   168 |   122 |       |       ||   351
       Plate armour      |       |       |       |   370 |   937 |   259 ||  1566
Dodge: Dodged            |    62 |    30 |    94 |   230 |   344 |   131 ||   891
Block: Shield            |       |       |       |       |   815 |   334 ||  1149
       Rpst.: Falchion   |     4 |       |       |       |       |       ||     4
       Great sword       |       |       |       |       |     6 |       ||     6
       Scimitar          |       |       |       |       |     1 |     4 ||     5
